 Dungeon Crawl Stone Soup version 0.30-a0-862-g1aabd4f9c5 (webtiles) character file.

Game seed: 12242812938112372059

15481 FexLirch the Basher (level 12, -1/82 HPs)
             Began as a Gargoyle Delver on Mar 8, 2023.
             Was a Follower of Ashenzari.
             Slain by a large slime creature (23 damage)
             ... on level 13 of the Dungeon.
             The game lasted 00:40:11 (12432 turns).

FexLirch the Basher (Gargoyle Delver)              Turns: 12432, Time: 00:40:12

Health: -1/82      AC: 40    Str: 33    XL:     12   Next: 27%
Magic:  12/12      EV: 10    Int: 14    God:    Ashenzari [*.....]
Gold:   969        SH:  0    Dex: 11    Spells: 9/11 levels left

rFire   . . .      SeeInvis .    V - +1 demon whip (venom)
rCold   . . .      Faith    .    (no shield)
rNeg    + . .      Spirit   .    J - +4 plate armour
rPois   ∞          Reflect  .    D - +2 helmet of Supernal Gnosis {Fort, Self} (curse)
rElec   +          Rampage  .    i - +0 cloak
rCorr   .                        y - +5 pair of gloves of Articulation {Int+3}
Will    .....                    h - +2 pair of boots of Apeoromancy {Self, Fort} (curse) Stlth
                                 T - amulet of the acrobat
HPRegen 0.33/turn                H - +6 ring of strength
MPRegen 0.13/turn                q - +6 ring of strength

@: no status effects
A: sickness immunity, AC +8, negative energy resistance 1, electricity
resistance, torment resistance 1, petrification resistance
a: Renounce Religion, Shatter the Chains


You were on level 13 of the Dungeon.
You worshipped Ashenzari.
Ashenzari was aware of your devotion.
You visited 2 branches of the dungeon, and saw 14 of its levels.

You collected 1026 gold pieces.
You donated 57 gold pieces to Zin.

Inventory:

Hand Weapons
 F - a +0 morningstar
 L - a +0 shortbow
 S - a +0 glaive
 V - a +1 demon whip of venom (weapon)
Missiles
 a - 6 javelins (quivered)
 f - 116 stones
 l - 47 poisoned darts
 t - 11 boomerangs
Armour
 h - the cursed +2 pair of boots of Apeoromancy (worn) {Self, Fort}
   (You found it on level 9 of the Dungeon)

   It has a curse which improves the following skills: Introspection: Fighting
   and Spellcasting.
   Fortitude: Armour and Shields.
 i - a +0 cloak (worn)
 y - the +5 pair of gloves of Articulation (worn) {Int+3}
   (You acquired it on level 12 of the Dungeon)

   Int:       It affects your intelligence (+3).
 D - the cursed +2 helmet of Supernal Gnosis (worn) {Fort, Self}
   (You found it on level 4 of the Dungeon)

   It has a curse which improves the following skills: Fortitude: Armour and
   Shields.
   Introspection: Fighting and Spellcasting.
 G - the +0 robe of Zallofuop {Rampage rN+ Dex-2}
   (You found it on level 4 of the Dungeon)

   Dex:       It affects your dexterity (-2).
   rN:        It protects you from negative energy.
   Rampage:   It bestows one free step when moving towards enemies.
 I - a +3 scale mail
 J - a +4 plate armour (worn)
Magical Staves
 p - a staff of fire
Jewellery
 q - a +6 ring of strength (right hand)
 H - a +6 ring of strength (left hand)
 T - an amulet of the acrobat (around neck)
Wands
 g - a wand of digging (5)
 N - a wand of charming (11)
 P - a wand of flame (14)
 Q - a wand of light (4)
 W - a wand of polymorph (10)
Scrolls
 b - a scroll of silence
 c - a scroll of fog
 d - 4 scrolls of magic mapping
 e - 5 scrolls of fear
 k - 2 scrolls of identify
 m - a scroll of amnesia
 r - 6 scrolls of teleportation
 s - 3 scrolls of poison
 v - a scroll of enchant weapon
 w - 3 scrolls of noise
 x - 3 scrolls of immolation
 C - 2 scrolls of vulnerability
 U - a scroll of blinking
Potions
 j - 5 potions of curing
 n - 3 potions of cancellation
 o - 3 potions of haste
 u - 2 potions of invisibility
 z - 3 potions of brilliance
 A - 2 potions of resistance
 B - 3 potions of lignification
 E - 2 potions of mutation
 K - 2 potions of heal wounds
 M - a potion of berserk rage
 O - 3 potions of flight


   Skills:
 + Level 11.3(12.6) Fighting
 * Level 13.9 Maces & Flails
 + Level 5.6(7.0) Armour
 - Level 7.1 Dodging
 - Level 5.4 Stealth
 + Level 0.7 Evocations


You had 9 spell levels left.
You knew the following spells:

 Your Spells              Type           Power      Damage    Failure   Level
a - Wereblood             Tmut           0%         N/A       97%         2

Your spell library contained the following spells:

 Spells                   Type           Power      Damage    Failure   Level
 Ensorcelled Hibernation  Hex/Ice        0%         N/A       97%         2
 Passwall                 Tmut/Erth      0%         N/A       97%         2
 Poisonous Vapours        Pois/Air       0%         N/A       97%         2
 Static Discharge         Conj/Air       0%         2-2/arc   97%         2
 Ignite Poison            Fire/Tmut/Pois 0%         N/A       99%         3
 Kindle Blastsparks       Fire/Tloc/Air  0%         2d10      99%         3
 Mephitic Cloud           Conj/Pois/Air  0%         N/A       99%         3
 Spider Form              Tmut/Pois      0%         N/A       99%         3
 Swiftness                Air            0%         N/A       99%         3
 Vhi's Electric Charge    Tloc/Air       0%         N/A       99%         3
 Anguish                  Hex/Necr       0%         N/A       100%        4
 Arcjolt                  Conj/Air       0%         1d10      100%        5
 Freezing Cloud           Conj/Ice/Air   0%         6-21      100%        5
 Lightning Bolt           Conj/Air       0%         1d11      100%        5
 Summon Hydra             Summ           0%         N/A       100%        7
 Cigotuvi's Dreadful Rot  Necr/Pois/Air  Unusable   N/A       N/A         2
 Sublimation of Blood     Necr           Unusable   N/A       N/A         2

Dungeon Overview and Level Annotations

Branches:
Dungeon (13/15)            Temple (1/1) D:6            Lair (0/5) D:10
    Orc (0/2) D:9
 Vaults: D:13-14

Altars:
Ashenzari
Cheibriados
Dithmenos
Elyvilon
Fedhas
Gozag
Hepliaklqana
Kikubaaqudgha
Makhleb
Nemelex Xobeh
Okawaru
Qazlal
Ru
Sif Muna
Trog
Uskayaw
Vehumet
Wu Jian
Xom
Yredelemnul
Zin
The Shining One

Shops:
D:9 (

Portals:
Trove: D:10 (give 7 potions of haste)

Annotations:
D:2 1 runed translucent door, Crazy Yiuf


Innate Abilities, Weirdness & Mutations

You are immune to sickness and miasma.
Your stone body is resilient. (AC +8)
You are immune to poison.
You resist negative energy. (rN+)
You are resistant to electric shocks. (rElec)
You are resistant to unholy torment.
You are immune to petrification.


Message History

You whack the large slime creature!
The large slime creature is lightly wounded.
The large slime creature closely misses you.
You hit the large slime creature but do no damage.
The large slime creature is poisoned.
The large slime creature is lightly wounded.
You barely miss the large slime creature.
The large slime creature is lightly wounded.
The large slime creature hits you!
You barely miss the large slime creature.
The large slime creature is lightly wounded.
You barely miss the large slime creature.
The large slime creature is lightly wounded.
The large slime creature hits you!
You hit the large slime creature.
The large slime creature is lightly wounded.
You thrash the large slime creature!!
The large slime creature is moderately wounded.
The large slime creature barely misses you.
You completely miss the large slime creature.
The large slime creature is moderately wounded.
You whack the large slime creature!
The large slime creature looks as sick as possible!
The large slime creature is heavily wounded.
The large slime creature hits you!
You hit the large slime creature.
The large slime creature looks as sick as possible!
The large slime creature is heavily wounded.
You whack the large slime creature!
The large slime creature looks as sick as possible!
The large slime creature is severely wounded.
The large slime creature hits you!!
* * * LOW HITPOINT WARNING * * *
You hit the large slime creature.
The large slime creature is severely wounded.
You see here a +0 quarterstaff.
You thrash the large slime creature!!
The large slime creature is almost dead.
The large slime creature hits you!!
You die...

### ... #.#
#.# #
######.###.#
#...<..J@..#
#.####.#####
.....
#.##.### #
..# #.# ##.
#


You could see a large slime creature (extremely poisoned).

Vanquished Creatures
  4 two-headed ogres
  2 boulder beetles (D:12)
  Amaemon (D:8)
  Pikel (D:5)
  An ugly thing (D:12)
  An orange demon (D:8)
  4 komodo dragons
  6 trolls
  Grinder (D:6)
  A hornet (D:10)
  A slime creature (D:13)
  3 water elementals (D:12)
  2 shadows
  2 wraiths (D:9)
  A wyvern (D:10)
  A basilisk (D:11)
  4 yaks (D:11)
  7 vampire mosquitoes
  A steam dragon (D:8)
  A water moccasin (D:9)
  6 orc warriors
  A sky beast (D:7)
  An ice beast (D:5)
  2 black bears (D:5)
  7 centaurs
  An ogre (D:5)
  A phantom (D:6)
  2 lemures (D:5)
  2 kobold brigands (D:8)
  4 bullfrogs
  3 scorpions (D:5)
  8 wights
  16 killer bees
  2 electric eels
  2 howler monkeys
  A quasit (D:6)
  3 orc priests
  6 hounds
  2 jellies
  2 sleepcaps
  A gnoll bouda (D:7)
  2 iguanas (D:5)
  Natasha (thrice) (D:2)
  8 orc wizards
  5 gnolls (D:7)
  2 adders
  A shadow imp (D:6)
  5 white imps
  5 ufetubi
  A worm (D:2)
  10 dart slugs
  28 orcs
  5 bats
  4 endoplasms
  3 giant cockroaches
  14 goblins
  7 hobgoblins
  16 kobolds
  2 quokkas
  6 ball pythons
  3 frilled lizards
  5 rats
253 creatures vanquished.

Vanquished Creatures (others)
  A jackal (D:4)
  5 demonic plants (D:6)
  6 fungi (D:7)
  6 plants (D:10)
18 creatures vanquished.

Grand Total: 271 creatures vanquished

Notes
Turn   | Place    | Note
-------+----------+-------------------------------------------
     0 | D:5      | FexLirch the Gargoyle Delver began the quest for the Orb.
     0 | D:5      | Reached XP level 1. HP: 14/14 MP: 1/1
   257 | D:4      | Reached XP level 2. HP: 7/19 MP: 2/2
   445 | D:4      | Reached XP level 3. HP: 23/23 MP: 3/3
   812 | D:1      | Reached skill level 3 in Maces & Flails
  1061 | D:1      | Reached XP level 4. HP: 29/29 MP: 4/4
  1230 | D:2      | Found a shimmering altar of Xom.
  1323 | D:2      | Found a runed translucent door.
  1324 | D:2      | Noticed Crazy Yiuf
  1406 | D:2      | Learned a level 2 spell: Wereblood
  1738 | D:2      | Noticed Natasha
  1752 | D:2      | Killed Natasha
  1973 | D:2      | Noticed Natasha
  1991 | D:2      | Killed Natasha
  1992 | D:2      | Reached skill level 1 in Armour
  1992 | D:2      | Reached XP level 5. HP: 24/33 MP: 5/5
  2059 | D:2      | Noticed Natasha
  2082 | D:2      | Killed Natasha
  2083 | D:2      | Reached skill level 4 in Maces & Flails
  2554 | D:3      | Found a faded altar of an unknown god.
  3130 | D:4      | Reached XP level 6. HP: 32/39 MP: 6/6
  3237 | D:4      | Found a glowing silver altar of Zin.
  3237 | D:4      | Noticed an angel
  3284 | D:4      | Found a shimmering blue altar of Sif Muna.
  3307 | D:4      | Identified the +0 robe of Zallofuop {Rampage rN+ Dex-2}
  3652 | D:5      | Reached skill level 5 in Maces & Flails
  3695 | D:5      | Noticed a black bear
  3707 | D:5      | Killed a black bear
  3708 | D:5      | Reached skill level 5 in Fighting
  3708 | D:5      | Reached XP level 7. HP: 44/44 MP: 7/7
  3739 | D:5      | Identified the +1 ring mail "Acauxzav" {rElec}
  3968 | D:5      | Reached skill level 6 in Maces & Flails
  4395 | D:5      | Reached XP level 8. HP: 44/51 MP: 8/8
  4855 | D:6      | Noticed a two-headed ogre
  4981 | D:5      | Reached skill level 7 in Maces & Flails
  5035 | D:6      | Noticed Pikel
  5050 | D:5      | Killed Pikel
  5116 | D:6      | Noticed Grinder
  5146 | D:6      | Paralysed by Grinder for 5 turns
  5156 | D:6      | Killed Grinder
  5157 | D:6      | Reached skill level 8 in Maces & Flails
  5157 | D:6      | Reached XP level 9. HP: 23/57 MP: 9/9
  6381 | D:7      | Reached skill level 9 in Maces & Flails
  6577 | D:7      | Reached skill level 5 in Dodging
  6635 | D:7      | Found a shimmering altar of Xom.
  6929 | D:8      | Noticed Amaemon
  6929 | D:8      | Noticed an orange demon
  6968 | D:8      | Killed Amaemon
  6969 | D:8      | Reached skill level 10 in Maces & Flails
  6969 | D:8      | Reached XP level 10. HP: 22/64 MP: 10/10
  6976 | D:8      | Killed an orange demon
  7484 | D:8      | Found a sparkling altar of Nemelex Xobeh.
  7617 | D:6      | Found a staircase to the Ecumenical Temple.
  7646 | D:6      | Killed a two-headed ogre
  7846 | Temple   | Entered the Ecumenical Temple
  8127 | D:4      | Became a worshipper of Zin the Law-Giver
  8127 | D:4      | Reached * piety under Zin
  8127 | D:4      | Reached ** piety under Zin
  8222 | Temple   | Fell from the grace of Zin
  8222 | Temple   | Became a worshipper of the Shining One
  8247 | Temple   | Fell from the grace of the Shining One
  8247 | Temple   | Became a worshipper of Ashenzari the Shackled
  8413 | D:9      | Reached skill level 11 in Maces & Flails
  8433 | D:9      | Noticed a manticore
  8728 | D:9      | Found a radiant altar of Vehumet.
  8772 | D:9      | Found a hazy altar of Hepliaklqana.
  9301 | D:9      | Reached XP level 11. HP: 67/71 MP: 11/11
  9318 | D:9      | Found a staircase to the Orcish Mines.
  9320 | D:9      | Found Meffop's Weapon Shop.
  9380 | D:9      | Found a snail-covered altar of Cheibriados.
  9685 | D:10     | Entered Level 10 of the Dungeon
  9722 | D:10     | Reached skill level 12 in Maces & Flails
  9794 | D:10     | Found a hide-covered altar of Uskayaw.
  9860 | D:10     | Found a white marble altar of Elyvilon.
  9887 | D:10     | Found a sacrificial altar of Ru.
  9951 | D:10     | Found a shadowy altar of Dithmenos.
  9955 | D:10     | Noticed a two-headed ogre
  9974 | D:10     | Killed a two-headed ogre
  9975 | D:10     | Reached skill level 10 in Fighting
 10163 | D:10     | Found a staircase to the Lair.
 10207 | D:10     | Found a portal to a secret trove of treasure.
 10482 | D:11     | Found a radiant altar of Vehumet.
 11302 | D:12     | Noticed a two-headed ogre
 11328 | D:12     | Reached skill level 13 in Maces & Flails
 11332 | D:12     | Killed a two-headed ogre
 11445 | D:12     | Noticed a brown ugly thing
 11462 | D:12     | Killed a brown ugly thing
 11716 | D:12     | Noticed a boulder beetle
 11723 | D:12     | Killed a boulder beetle
 11724 | D:12     | Reached XP level 12. HP: 74/80 MP: 12/12
 11816 | D:12     | Reached skill level 5 in Armour
 12058 | D:12     | Noticed a two-headed ogre
 12081 | D:12     | Killed a two-headed ogre
 12234 | D:12     | Reached * piety under Ashenzari
 12234 | D:12     | Identified a scroll of acquirement
 12235 | D:12     | Acquired the +5 pair of gloves of Articulation {Int+3}
 12320 | D:12     | Noticed a centaur warrior
 12320 | D:12     | Noticed a boulder beetle
 12320 | D:12     | Noticed a fire dragon
 12320 | D:12     | Noticed a white very ugly thing
 12335 | D:12     | Killed a boulder beetle
 12432 | D:13     | Slain by a large slime creature

Illustrated notes

Levels and vault maps discovered:
D:1:      wander_arrival_lonely_grave, layout_loops_ring
D:2:      layout_basic, basic_altar, minivault_14, minmay_misc_feat_chi,
          uniq_crazy_yiuf_cottage, uniq_natasha
D:3:      layout_loops_ring, chequers_ecumenical_altar_twisty
D:4:      layout_rooms, nicolae_sif_muna_condensation, zin_angel,
          minmay_box_of_dots
D:5:      layout_gridville, serial_co_window_serial, co_window_paths_b,
          co_window_cross_1, co_window_corner_a, co_window_paths_a,
          co_window_cross_1, co_window_cross_1, co_window_corner_a,
          co_window_paths_a, co_window_cross_1, co_window_2corner,
          co_window_broadway_b, co_window_2corner, co_window_corner_b,
          co_window_of_opportunity_c, co_window_unsneaky_path_a,
          glass_columns_c, glass_columns_c, chequers_decorated_corner
D:6:      layout_cave_pools, minmay_temple_entry_enclosed_plants,
          serial_demonic, serial_demonic_e, serial_demonic_g, serial_demonic_d,
          serial_demonic_c, serial_demonic_b, serial_demonic_f,
          kennysheep_cross_room, uniq_pikel, uniq_grinder
D:7:      layout_loops_ring, mainiacjoe_overflow_boulevard
D:8:      layout_cave_pools, kennysheep_mini, uniq_amaemon
D:9:      layout_stronghold, nicolae_overflow_crystal_walls,
          kennysheep_slug_shrine, lemuel_tele_altar, orc_david_3,
          lightli_fourway_metalbox
D:10:     layout_gridville, kennysheep_little_box,
          mainiacjoe_overflow_small_starburst, mainiacjoe_overflow_alcove_1,
          mainiacjoe_overflow_24_doors, david_lair_shrubbed,
          nicolae_trove_entry_columns
D:11:     layout_basic, nicolae_vehumet_altar_sigil
D:12:     minmay_general_purpose_star, layout_basic, wad_scary_box
D:13:     nicolae_whirlpool, layout_loops_ring,
          hangedman_vaults_entry_quadrant_bands, serial_shops, shop,
          uniq_erolcha
Temple:   grunt_temple_mini_profane

Skill      XL: |  1  2  3  4  5  6  7  8  9 10 11 12 |
---------------+-------------------------------------+-----
Dodging        | 2 3 4 5 6 7 |  7.1
Maces & Flails | 3 4 5 6 8 10 11 13 | 13.9
Fighting       | 4 5 7 8 9 10 11 | 11.3
Armour         | 1 2 4 5 |  5.6
Stealth        | |  5.4
Evocations     | |  0.7

Action                     |  1- 3 |  4- 6 |  7- 9 | 10-12 || total
---------------------------+-------+-------+-------+-------++-------
  Melee: Short sword       |   168 |   240 |       |       ||   408
         Punch             |     1 |     5 |     2 |     9 ||    17
         Mace              |     1 |     3 |       |       ||     4
         Morningstar       |       |    50 |   330 |     5 ||   385
         Demon whip        |       |       |       |   505 ||   505
   Fire: Shortbow          |       |       |    10 |       ||    10
  Throw: Stone             |     2 |       |       |       ||     2
         Dart              |       |     9 |     2 |     5 ||    16
         Boomerang         |       |       |     9 |       ||     9
         Javelin           |       |       |       |     2 ||     2
 Invoke: Curse Item        |       |       |       |     2 ||     2
  Evoke: Wand              |       |       |       |     1 ||     1
    Use: Potion            |     1 |     3 |     2 |     2 ||     8
         Scroll            |       |       |     6 |    11 ||    17
   Stab: Sleeping          |     3 |     6 |       |       ||     9
 Armour: Leather armour    |    50 |       |       |       ||    50
         Ring mail         |       |    68 |       |       ||    68
         Scale mail        |       |    22 |     7 |       ||    29
         Robe              |       |     5 |       |       ||     5
         Plate armour      |       |       |   332 |   214 ||   546
  Dodge: Dodged            |    92 |   127 |   149 |   193 ||   561

Table legend: (Time is in decaauts)
 A = Elapsed time spent in this place.
 B = Non-inter-level travel time spent in this place.
 C = Inter-level travel time spent in this place.
 D = Time resting spent in this place.
 E = Time spent auto-exploring this place.
 F = Levels seen in this place.
 G = Mean time per level.
                   A        B        C        D        E       F      G
               +--------+--------+--------+--------+--------+-----+--------+
         Total |  12083 |  11097 |    986 |    312 |   8156 |  14 |  863.1 |
       Dungeon |  11791 |  10940 |    851 |    312 |   8003 |  13 |  907.0 |
        Temple |    292 |    157 |    135 |      0 |    153 |   1 |  292.0 |
               +--------+--------+--------+--------+--------+-----+--------+

Top non-repeatable levels by time:
     D:5: 1730 daAuts
     D:9: 1284 daAuts
     D:6: 1173 daAuts
    D:12: 1123 daAuts
     D:2: 1021 daAuts
    D:11: 941 daAuts
     D:4: 902 daAuts
     D:7: 797 daAuts
     D:8: 793 daAuts
     D:3: 791 daAuts
     D:1: 679 daAuts
    D:10: 540 daAuts
  Temple: 292 daAuts
    D:13: 14 daAuts
